 Dungeon Crawl Stone Soup version 0.28.0-53-g5a82cb258f (webtiles) character file.

Game seed: 11192216390947353336

86 Ashen the Skirmisher (level 4, 0/37 HPs)
             Began as a Formicid Abyssal Knight on Aug 13, 2022.
             Was a Believer of Lugonu.
             Killed from afar by a steam dragon (10 damage)
             ... with a ball of steam
             ... on level 4 of the Dungeon.
             The game lasted 00:03:39 (2779 turns).

Ashen the Skirmisher (Formicid Abyssal Knight)      Turns: 2779, Time: 00:03:39

Health: 0/37       AC: 10    Str: 17    XL:     4   Next: 78%
Magic:  6/6        EV:  7    Int: 10    God:    Lugonu [**....]
Gold:   73         SH:  0    Dex: 13    Spells: 3/3 levels left

rFire   . . .      SeeInvis +   j - +1 short sword (venom)
rCold   . . .      Faith    .   (no shield)
rNeg    . . .      Spirit   .   e - +0 chain mail
rPois   .          Reflect  .   (helmet unavailable)
rElec   .          Harm     .   (no cloak)
rCorr   .          Rampage  .   h - +0 pair of gloves
Will    .....                   (no boots)
Stlth   ..........              (no amulet)
HPRegen 0.12/turn               (no ring)
MPRegen 0.10/turn               (no ring)

@: no status effects
A: permanent stasis, dig shafts and tunnels, antennae 3, four strong arms
a: Dig, Shaft Self, Renounce Religion, Depart the Abyss, Bend Space


You were on level 4 of the Dungeon.
You worshipped Lugonu.
Lugonu was pleased with you.
You visited 1 branch of the dungeon, and saw 4 of its levels.
You visited the Abyss 1 time.

You collected 73 gold pieces.

Inventory:

Hand Weapons
 a - a +1 falchion
 j - a +1 short sword of venom (weapon)
Armour
 e - a +0 chain mail (worn)
 h - a +0 pair of gloves (worn)
Jewellery
 s - the amulet "Cybaq" {Reflect rC+ SH+5}
   (You found it on level 4 of the Dungeon)

   [amulet of reflection]

   It reflects blocked missile attacks.
   rC:        It protects you from cold.
   SH:        It affects your SH (+5).
Wands
 n - a wand of flame (16)
Scrolls
 c - a scroll of fear {unknown}
 d - a scroll of brand weapon {unknown}
 i - a scroll of acquirement {unknown}
 m - 4 scrolls of identify {unknown}
 o - 2 scrolls of blinking {unknown}
 p - a scroll of fog {unknown}
 q - a scroll of magic mapping {unknown}
 r - a scroll of vulnerability {unknown}
Potions
 b - a potion of berserk rage {unknown}
 f - 2 potions of curing {unknown}
 g - a potion of heal wounds {unknown}
 k - a potion of brilliance {unknown}
 l - a potion of lignification {unknown}


   Skills:
 + Level 3.9 Fighting
 + Level 2.7 Long Blades
 + Level 2.9 Armour
 + Level 1.7 Dodging
 + Level 3.1 Invocations


You had 3 spell levels left.
You didn't know any spells.
Your spell library contained the following spells:

 Spells                   Type           Power      Damage    Failure   Level
 Corpse Rot               Necr/Air       0%         N/A       100%        2
 Poisonous Vapours        Pois/Air       0%         N/A       100%        2


Dungeon Overview and Level Annotations

Branches:
Dungeon (4/15)             Temple (0/1) D:4

Altars:


Innate Abilities, Weirdness & Mutations

You cannot be hasted, slowed, berserked, paralysed or teleported.
You can dig through walls and to a lower floor.
You have a pair of large antennae on your head. (SInv)
Your four strong arms can wield two-handed weapons with a shield.


Message History

The giant cockroach bites you but does no damage.
You barely miss the giant cockroach. The giant cockroach barely misses you.
You hit the giant cockroach.
You kill the giant cockroach!
Lugonu accepts your kill.
No target in view!
Found a stone staircase leading down.
A steam dragon comes into view.
The steam dragon hisses angrily.
The steam dragon breathes steam at you. The ball of steam hits you!
No reachable target in view!
No reachable target in view!
You are engulfed in a cloud of scalding steam.
You hit the steam dragon.
The steam dragon is poisoned.
The steam dragon is lightly wounded.
You are engulfed in a cloud of scalding steam.
The steam dragon closely misses you. The steam dragon claws you.
You hit the steam dragon but do no damage.
The steam dragon looks as sick as possible!
The steam dragon is moderately wounded.
You are engulfed in a cloud of scalding steam.
The steam dragon bites you. The steam dragon barely misses you.
You hit the steam dragon but do no damage.
The steam dragon is moderately wounded.
The steam dragon bites you but does no damage.
The steam dragon closely misses you.
You closely miss the steam dragon.
The steam dragon is heavily wounded.
The steam dragon bites you! The steam dragon claws you.
* * * LOW HITPOINT WARNING * * *
You closely miss the steam dragon.
The steam dragon is heavily wounded.
The steam dragon bites you but does no damage.
The steam dragon claws you but does no damage.
You hit the steam dragon.
The steam dragon is heavily wounded.
The steam dragon breathes steam at you. The ball of steam hits you!
You die...

#.# #..##.##.####.##.#
#.# ##.##.##.........#
#<# #.##.#######'####
#.####.##.# ##...##
#.........# ##.....##
######..### ##.......##
########...####.........#
.......D.....>+.........+
########@..####.........#
#..## ##.......## #.##
##.....## ###.#####
##...## #.......# ##'##
#.#.###.# #.# #...# #.#
#.# #..####.######.##
#..# #..........####


You could see a steam dragon (very poisoned, catching breath).

Vanquished Creatures
  A hound skeleton (D:4)
  2 adders (D:3)
  3 dart slugs
  3 orcs (D:3)
  6 ball pythons
  4 endoplasms
  A giant cockroach (D:4)
  3 goblins
  4 hobgoblins
  5 quokkas
  5 bats
  A frilled lizard (D:2)
  2 kobolds
  6 rats
46 creatures vanquished.

Vanquished Creatures (others)
  3 withered plants (D:2)
3 creatures vanquished.

Grand Total: 49 creatures vanquished

Notes
Turn   | Place    | Note
-------+----------+-------------------------------------------
     0 | Abyss:1  | Ashen the Formicid Abyssal Knight began the quest for the
                  | Orb.
     0 | Abyss:1  | Reached XP level 1. HP: 18/18 MP: 2/2
    18 | D:1      | Escaped the Abyss
    76 | D:1      | Reached skill level 1 in Dodging
   332 | D:1      | Reached XP level 2. HP: 24/24 MP: 3/3
  1002 | D:2      | Reached XP level 3. HP: 28/29 MP: 4/4
  1081 | D:2      | Reached ** piety under Lugonu
  1203 | D:2      | Found a faded altar of an unknown god.
  1897 | D:3      | Reached XP level 4. HP: 30/37 MP: 6/6
  2630 | D:4      | Found a staircase to the Ecumenical Temple.
  2681 | D:4      | Identified the amulet "Cybaq" {Reflect rC+ SH+5}
  2770 | D:4      | Noticed a steam dragon
  2779 | D:4      | Killed from afar by a steam dragon

Illustrated notes

Levels and vault maps discovered:
D:1:      onia_arrival_handbag, layout_loops_corners
D:2:      layout_loops_ring, ebering_ecumenical_altar_petrified, chequers_garden
D:3:      layout_basic
D:4:      layout_loops_corners, minmay_temple_entry_sparse_star

Skill      XL: |  1  2  3  4 |
---------------+-------------+-----
Dodging        | 1 |  1.7
Invocations    | 3 |  3.1
Fighting       | |  3.9
Long Blades    | |  2.7
Armour         | |  2.9

Action                   |  1- 3 |  4- 6 || total
-------------------------+-------+-------++-------
Melee: Falchion          |    23 |       ||    23
       Short sword       |    68 |    38 ||   106
       Punch             |     2 |       ||     2
Armor: Chain mail        |    47 |    34 ||    81
Dodge: Dodged            |    44 |    11 ||    55
